 Dungeon Crawl Stone Soup version 0.24.1 (webtiles) character file.

Game seed: 6784748990578891624, levelgen mode: deterministic

13633 Destapler the Spear-Bearer (level 11, -6/91 (92) HPs)
             Began as a Green Draconian Berserker on Mar 28, 2020.
             Was a High Priest of Trog.
             Mangled by a spiny frog (15 damage)
             ... on level 1 of the Lair of Beasts.
             The game lasted 00:51:38 (10336 turns).

Destapler the Spear-Bearer (DrBe)                  Turns: 10336, Time: 00:51:39

HP:   -6/91 (92)    AC:  9    Str: 21    XL:     11   Next: 78%
MP:   15/15         EV: 17    Int:  7    God:    Trog [*****.]
Gold: 753           SH:  5    Dex: 13    Spells: 10/10 levels left

rFire    + + .     SeeInvis .   a - +5 trident
rCold    + . .     Gourm    +   D - +0 buckler
rNeg     + . .     Faith    .   (armour unavailable)
rPois    +         Spirit   .   (helmet restricted)
rElec    .         Reflect  .   M - scarf {rC+ rF+}
rCorr    .         Harm     .   F - +0 pair of gloves
MR       ++...                  d - +0 pair of boots
Stlth    +++.......             I - amulet of the gourmand
HPRegen  1.25/turn              n - ring of positive energy
MPRegen  0.14/turn              H - ring of protection from fire

@: lethally poisoned (-6 -> -7), regenerating
A: breathe noxious fumes, unfitting armour, poison resistance, cold-blooded, AC
+7
a: Breathe Noxious Fumes, Berserk, Trog's Hand, Brothers in Arms, Renounce
Religion


You were on level 1 of the Lair of Beasts.
You worshipped Trog.
Trog was extremely pleased with you.
You were very full.

You visited 2 branches of the dungeon, and saw 12 of its levels.

You collected 892 gold pieces.
You spent 139 gold pieces at shops.

Inventory:

Hand Weapons
 a - a +5 trident (weapon)
 b - a +1 war axe of flaming
Missiles
 j - 434 stones
 q - 11 curare-tipped darts (quivered)
 s - 5 javelins
 v - 4 throwing nets
 A - 2 boomerangs
Armour
 d - a +0 pair of boots (worn)
 D - a +0 buckler (worn)
 F - a +0 pair of gloves (worn)
 M - a scarf of resistance (worn)
 U - a +1 cloak
Jewellery
 n - a ring of positive energy (left hand)
 H - a ring of protection from fire (right hand)
 I - an amulet of the gourmand (around neck)
 N - an uncursed ring of positive energy
Wands
 w - a wand of iceblast (6)
 z - a wand of clouds (16)
 G - a wand of disintegration (20)
 K - a wand of polymorph (24)
 O - a wand of enslavement (5)
 P - a wand of scattershot (6)
 R - a wand of paralysis (4)
 S - a wand of acid (7)
Scrolls
 e - a scroll of enchant armour {unknown}
 g - 7 scrolls of teleportation {unknown}
 i - 8 scrolls of remove curse
 k - 4 scrolls of identify
 p - 2 scrolls of blinking {unknown}
 r - a scroll of fear {unknown}
 u - 5 scrolls of enchant weapon {unknown}
 y - a scroll of amnesia {unknown}
 E - a scroll of magic mapping {unknown}
 Q - a scroll of random uselessness {unknown}
Potions
 c - a potion of magic {unknown}
 f - 3 potions of haste {unknown}
 h - 3 potions of might
 l - 4 potions of curing
 m - 5 potions of cancellation {unknown}
 o - 4 potions of invisibility
 x - a potion of brilliance {unknown}
 C - 4 potions of heal wounds
 J - a potion of mutation {unknown}
 L - 3 potions of lignification {unknown}
Comestibles
 B - 18 rations


   Skills:
 - Level 7.6 Fighting
 * Level 12.2 Polearms
 + Level 8.4 Dodging
 - Level 6.2 Stealth
 - Level 5.2 Shields
 - Level 6.1 Evocations


You had 10 spell levels left.
You didn't know any spells.
Your spell library contained the following spells:

 Spells                   Type           Power        Failure   Level  Hunger
 Corona                   Hex            #......      43%         1    ##.....
 Magic Dart               Conj           #...         43%         1    ##.....
 Blink                    Tloc           N/A          56%         2    ###....
 Call Imp                 Summ           #.......     56%         2    ###....
 Ensorcelled Hibernation  Hex/Ice        #.....       56%         2    ###....
 Slow                     Hex            #.......     56%         2    ###....
 Confuse                  Hex            #.......     80%         3    ####...
 Conjure Flame            Conj/Fire      #.......     80%         3    ####...
 Dazzling Spray           Conj/Hex       #.....       80%         3    ####...
 Mephitic Cloud           Conj/Pois/Air  #.......     80%         3    ####...
 Tukima's Dance           Hex            #.......     80%         3    ####...


Dungeon Overview and Level Annotations

Branches:
Dungeon (11/15)            Temple (0/1) D:4            Lair (1/6) D:10
    Orc (0/2) D:11

Altars:
Ashenzari
Cheibriados
Kikubaaqudgha
Ru
Trog
Yredelemnul
Zin

Shops:
D:4 *   D:8 :

Annotations:
D:4 3 runed translucent doors, hYBRISjENS's ghost, amateur GrFi


Innate Abilities, Weirdness & Mutations

You can breathe blasts of noxious fumes.
Your lurid green scales are hard. (AC +7)
You cannot fit into any form of body armour.
Your system is resistant to poisons. (rPois)
You are cold-blooded and may be slowed by cold attacks.


Message History

You closely miss the spiny frog.
The spiny frog is almost dead.
The spiny frog stings you!
* * * LOW HITPOINT WARNING * * *
You are poisoned.
The spiny frog poisons you!
You hit the spiny frog.
Your tail-slap misses the spiny frog.
The spiny frog is almost dead.
You feel sick.
You barely miss the spiny frog.
The spiny frog is almost dead.
You feel sick. The spiny frog stings you!
* * * LOW HITPOINT WARNING * * *
Your skin crawls.
You feel resistant to hostile enchantments.
You feel somewhat less full.
You feel sick. The spiny frog misses you.
You barely miss the spiny frog.
The spiny frog is almost dead.
The spiny frog stings you!
You die...

#...#.P.#.#.#...#...
.###.............#.....
... ..#...#.#.........
#.........#.#...#.#...
#.#.#...#.#.#.........
...#.#.#.......#.#...
#...#.#.#.#....[#...
#..F#...#.......#...
.#.#..@#.#.............
#.........#.............
..#.#...P.#.............
#.....#.........#.....
...#...#.......#.......
..#.....P.#.....#.......
# ..#.....#...#.#.P.....
.P.#...#.....#.#.#.....
.#.....#.#...#.#.......


You could see a spiny frog.

Vanquished Creatures
  A centaur warrior (D:8)
  Sonja (D:10)
  Nergalle (D:11)
  An ugly thing (D:8)
  A manticore (D:11)
  Joseph (D:7)
  Maurice (D:10)
  A rime drake (Lair:1)
  A komodo dragon (D:10)
  A troll (D:8)
  3 hippogriffs
  A shadow (D:11)
  3 wyverns (D:10)
  A vampire (D:10)
  6 spriggans (Lair:1)
  A wraith (D:11)
  2 hungry ghosts
  A steam dragon (D:9)
  Grum (D:11)
  An acid dragon (D:8)
  A swamp drake (D:10)
  2 water moccasins
  A porcupine (Lair:1)
  A black bear (D:5)
  2 orc warriors
  4 sky beasts
  2 ice beasts
  2 necrophages
  2 phantoms
  3 eyes of draining
  7 centaurs
  4 wolves (D:11)
  8 ogres
  2 big kobolds
  11 bullfrogs
  A gnoll sergeant (D:10)
  A wyvern zombie (D:7)
  2 scorpions
  7 wights
  4 killer bees (D:11)
  2 howler monkeys
  2 electric eels (Lair:1)
  6 crimson imps
  5 bullfrog zombies
  3 jellies
  A quasit (D:10)
  A centaur skeleton (D:10)
  2 centaur zombies
  3 hounds
  3 orc priests
  2 bullfrog skeletons
  6 orc wizards
  3 iguanas
  3 worker ants
  2 hound zombies
  4 gnolls
  10 adders
  3 shadow imps
  2 oozes
  4 worms
  A dart slug (D:3)
  6 leopard geckos
  33 orcs
  2 ball pythons
  5 giant cockroaches
  8 goblins
  12 hobgoblins
  6 jackals
  8 quokkas
  9 bats
  4 frilled lizards
  A jackal skeleton (D:6)
  16 kobolds
  5 rats
  2 plants (Lair:1)
282 creatures vanquished.

Vanquished Creatures (others)
  A water moccasin skeleton (D:7)
  A plant (Lair:1)
2 creatures vanquished.

Grand Total: 284 creatures vanquished

Notes
Turn   | Place    | Note
-------+----------+-------------------------------------------
     0 | D:1      | Destapler the Draconian Berserker began the quest for the
                  | Orb.
     0 | D:1      | Reached XP level 1. HP: 19/19 MP: 1/1
   421 | D:1      | Reached XP level 2. HP: 26/26 MP: 2/2
   479 | D:1      | Reached skill level 1 in Stealth
  1104 | D:2      | Reached XP level 3. HP: 22/31 MP: 3/3
  1319 | D:2      | Reached ** piety under Trog
  1477 | D:3      | Found a basalt altar of Yredelemnul.
  1721 | D:3      | Reached XP level 4. HP: 40/40 MP: 4/4
  1818 | D:3      | Found a bloodstained altar of Trog.
  1818 | D:3      | Noticed an eye of draining
  1818 | D:3      | Noticed an eye of draining
  1838 | D:3      | Killed an eye of draining
  1838 | D:3      | Reached skill level 4 in Polearms
  1838 | D:3      | Reached XP level 5. HP: 46/46 MP: 0/5
  1845 | D:3      | Killed an eye of draining
  2008 | D:3      | Reached skill level 5 in Polearms
  2008 | D:3      | Reached XP level 6. HP: 52/52 MP: 6/6
  2421 | D:3      | Reached *** piety under Trog
  2643 | D:4      | Found a runed translucent gate.
  2663 | D:4      | Reached skill level 1 in Evocations
  2728 | D:4      | Found a runed translucent gate.
  2728 | D:4      | Found a runed translucent gate.
  2739 | D:4      | Found a staircase to the Ecumenical Temple.
  2802 | D:4      | Found Deafreod's Assorted Antiques.
  2805 | D:4      | Bought a buckler for 139 gold pieces
  2914 | D:4      | Reached skill level 1 in Shields
  3076 | D:4      | Noticed hYBRISjENS's ghost (amateur GrFi)
  3096 | D:4      | Your scales start taking on a lurid green colour.
  3096 | D:4      | Reached XP level 7. HP: 56/59 MP: 8/8
  3096 | D:4      | Gained mutation: Your system is resistant to poisons.
                  | (rPois) [Green Draconian growth]
  3124 | D:4      | Found a faded altar of an unknown god.
  3124 | D:4      | Found a sacrificial altar of Ru.
  3130 | D:4      | Found a shattered altar of Ashenzari.
  3132 | D:4      | Found a glowing silver altar of Zin.
  3134 | D:4      | Found a faded altar of an unknown god.
  3428 | D:5      | Entered Level 5 of the Dungeon
  3660 | D:5      | Found an ancient bone altar of Kikubaaqudgha.
  3739 | D:5      | Reached XP level 8. HP: 37/66 MP: 8/10
  4182 | D:5      | Reached skill level 6 in Polearms
  4194 | D:5      | Reached skill level 5 in Fighting
  4540 | D:6      | Reached skill level 5 in Shields
  5081 | D:6      | Reached XP level 9. HP: 73/73 MP: 12/12
  5086 | D:6      | Reached **** piety under Trog
  5326 | D:7      | Noticed Joseph
  5329 | D:7      | Reached skill level 5 in Dodging
  5354 | D:7      | Killed Joseph
  5354 | D:7      | Reached skill level 7 in Polearms
  5438 | D:7      | Reached skill level 5 in Stealth
  5619 | D:7      | Reached skill level 5 in Evocations
  6145 | D:8      | Reached skill level 8 in Polearms
  6163 | D:8      | Noticed a green ugly thing
  6225 | D:8      | Reached XP level 10. HP: 84/84 MP: 13/13
  6241 | D:8      | Found a snail-covered altar of Cheibriados.
  6279 | D:8      | Noticed a centaur warrior
  6330 | D:8      | Found Ofastue's Book Shop.
  6440 | D:8      | Killed a green ugly thing
  6691 | D:8      | Killed a centaur warrior
  6870 | D:8      | Reached skill level 9 in Polearms
  7180 | D:9      | Found a bloodstained altar of Trog.
  7567 | D:10     | Entered Level 10 of the Dungeon
  7574 | D:10     | Found a bloodstained altar of Trog.
  7657 | D:10     | Noticed Maurice
  7682 | D:10     | Killed Maurice
  7785 | D:10     | Reached ***** piety under Trog
  7883 | D:10     | Reached skill level 10 in Polearms
  8023 | D:10     | Noticed Sonja
  8048 | D:10     | Killed Sonja
  8048 | D:10     | Reached XP level 11. HP: 91/91 MP: 15/15
  8734 | D:10     | Found a staircase to the Lair.
  8993 | D:11     | Noticed Grum
  9008 | D:11     | Killed Grum
  9038 | D:11     | Reached skill level 11 in Polearms
  9220 | D:11     | Noticed Nergalle
  9229 | D:11     | Killed Nergalle
  9653 | D:11     | Found a sacrificial altar of Ru.
  9717 | D:11     | Found a staircase to the Orcish Mines.
  9886 | Lair:1   | Entered Level 1 of the Lair of Beasts
  9941 | Lair:1   | Reached skill level 12 in Polearms
 10336 | Lair:1   | Mangled by a spiny frog

Levels and vault maps discovered:
D:1:      eino_arrival_water_cross, layout_basic
D:2:      layout_rooms
D:3:      minmay_razor_zed, layout_basic, old_standard_altar, hex_intersection,
          trog_eyes_of_draining
D:4:      layout_cave_pools, chequers_temple_overflow_minitemple,
          minmay_temple_entry_antechambers, serial_shops, kennysheep_mini_moat,
          first_ration, gammafunk_ghost_icy
D:5:      minmay_bubble_buster, layout_rooms, kiku_gazebo_pond_becter,
          kennysheep_generic_room_8
D:6:      layout_basic
D:7:      layout_loops_cross, grunt_ogre_cave, uniq_joseph
D:8:      layout_rooms, lemuel_coloured_pillars_altar, serial_shops, shop,
          minmay_diamond_spiral
D:9:      layout_rooms, lemuel_crystal_altar, bh_walls_and_bars
D:10:     layout_irregular_city, erik_lair_dragon, basic_altar,
          kennysheep_flooded_box, uniq_sonja, uniq_maurice
D:11:     layout_loops_cross, orc_0_dummy, nicolae_ru_sacrificial_ziggurat,
          uniq_grum, uniq_nergalle
Lair:1:   layout_long_grid, wad_woods_01, grunt_megastairs_4,
          serial_bayou_shore_a

Skill      XL: |  1  2  3  4  5  6  7  8  9 10 11 |
---------------+----------------------------------+-----
Stealth        | 1 2 4 5 6 |  6.2
Dodging        | 3 4 5 7 8 |  8.4
Fighting       | 4 5 6 7 |  7.6
Polearms       | 4 5 6 8 10 12 | 12.2
Evocations     | 1 2 4 5 6 |  6.1
Shields        | 3 4 5 |  5.2

Action                   |  1- 3 |  4- 6 |  7- 9 | 10-12 || total
-------------------------+-------+-------+-------+-------++-------
Melee: Spear             |   147 |   223 |   322 |       ||   692
       Tailslap          |    15 |    28 |    85 |    70 ||   198
       Trident           |       |       |   130 |   481 ||   611
Throw: Javelin           |       |     3 |       |       ||     3
       Boomerang         |       |     3 |       |       ||     3
       Dart              |       |       |       |     3 ||     3
Invok: Berserk           |     1 |     3 |     5 |     7 ||    16
       Trog's Hand       |       |     2 |     6 |     5 ||    13
 Abil: Breathe Noxious F |       |       |     3 |     4 ||     7
Evoke: Wand              |       |     1 |       |     1 ||     2
  Use: Scroll            |       |       |     5 |       ||     5
       Potion            |       |       |     2 |       ||     2
 Stab: Sleeping          |     2 |     9 |    14 |    12 ||    37
       Confused          |       |       |     4 |     7 ||    11
       Paralysed         |       |       |       |     2 ||     2
       Distracted        |       |       |       |     2 ||     2
  Eat: Chunk             |     3 |     9 |    27 |    26 ||    65
Armor: Skin              |    31 |    34 |    84 |    83 ||   232
Dodge: Dodged            |    74 |    79 |   211 |   202 ||   566
Block: Buckler           |       |     7 |    81 |    95 ||   183
